 Dungeon Crawl Stone Soup version 0.26-a0-651-gb41185065b (webtiles) character file.

Game seed: 1243399191140782488

490 Flugslaktarn the Chopper (level 6, -7/58 HPs)
             Began as a Deep Dwarf Fighter on Oct 6, 2020.
             Killed from afar by Dowan (23 damage)
             ... with a shard of ice
             ... on level 4 of the Dungeon.
             The game lasted 00:01:02 (885 turns).

Flugslaktarn the Chopper (Deep Dwarf Fighter)        Turns: 885, Time: 00:01:03

Health: -7/58      AC: 14    Str: 22    XL:     6   Next: 90%
Magic:  6/6        EV: 19    Int:  8    God:
Gold:   62         SH: 10    Dex: 12    Spells: 5/5 levels left

rFire    . . .     SeeInvis .   a - +0 war axe
rCold    . . .     Faith    .   c - +0 kite shield
rNeg     . . .     Spirit   .   l - +0 plate armour
rPois    .         Reflect  .   m - +0 helmet (curse)
rElec    .         Harm     .   (no cloak)
rCorr    .         Rampage  .   (no gloves)
MR       .....                  g - +0 pair of boots
Stlth    ..........             j - amulet of the acrobat
HPRegen  0.00/turn              (no ring)
MPRegen  0.10/turn              (no ring)

@: acrobat, non-regenerating
A: damage resistance, heal wounds, sense surroundings 1, no regeneration
a: Heal Wounds


You were on level 4 of the Dungeon.
You visited 1 branch of the dungeon, and saw 4 of its levels.

You collected 62 gold pieces.

Inventory:

Hand Weapons
 a - a +0 war axe (weapon)
Armour
 c - a +0 kite shield (worn)
 g - a +0 pair of boots (worn)
   (You found it on level 1 of the Dungeon)
 l - a +0 plate armour (worn)
   (You found it on level 2 of the Dungeon)
 m - a cursed +0 helmet (worn)
   (You took it off Robin on level 3 of the Dungeon)
Jewellery
 j - an amulet of the acrobat (around neck)
   (You found it on level 2 of the Dungeon)
Scrolls
 k - a scroll of magic mapping {unknown}
 n - 2 scrolls of identify {unknown}
 o - a scroll of amnesia {unknown}
 p - a scroll of teleportation {unknown}
Potions
 b - a potion of degeneration {unknown}
 d - 2 potions of might
 e - a potion of haste {unknown}
 f - a potion of invisibility {unknown}
 h - a potion of resistance {unknown}
 i - a potion of curing {unknown}


   Skills:
 * Level 4.7 Fighting
 * Level 5.0 Axes
 + Level 4.5 Armour
 + Level 4.6 Shields


You had 5 spell levels left.
You didn't know any spells.
Your spell library was empty.

Dungeon Overview and Level Annotations

Branches:
Dungeon (4/15)
 Temple: D:4-7

Altars:
Ashenzari
Vehumet
Xom

Shops:
D:4 }(}

Annotations:
D:4 Dowan


Innate Abilities, Weirdness & Mutations

You are resistant to damage.
You can heal yourself by infusing magical energy.
You passively map a small area around you.
You do not regenerate.


Message History

* * * LOW HITPOINT WARNING * * *
Dowan gestures at you while chanting. The stone arrow misses you.
You are too injured to fight recklessly!
You are too injured to fight recklessly!
You are too injured to fight recklessly!
You are too injured to fight recklessly!
You are too injured to fight recklessly!
You are too injured to fight recklessly!
You are too injured to fight recklessly!
You are too injured to fight recklessly!
You are too injured to fight recklessly!
You are too injured to fight recklessly!
You fail to use your ability.
Dowan mumbles some strange words.
Dowan blinks!
You are too injured to fight recklessly!
Dowan gestures at you while chanting. The shard of ice hits you!!
You die...

........)....# #
#.. .#.#....).†.##
, ###.#.≈
........#####
#...... ..#####..#
* #.###.#
*.........# *,* ,
#.# ..#####).# *
#.# #./......#####
#* ..#
#.#####......#....,
, .#.
#.....)...@..e....
** #. .
#.#####.###...###.
#..# ,.... .......
, ., *###.##
...###. )?* ..#
*#.## * .## .# *
*#. .# * .. *.# , ,


You could see Dowan (fast).

Vanquished Creatures
  Duvessa (D:4)
  A phantom (D:4)
  A hound (D:4)
  A bullfrog skeleton (D:2)
  2 orc wizards (D:4)
  Terence (D:2)
  A worker ant (D:4)
  Robin (D:3)
  4 gnolls
  2 adders
  An adder skeleton (D:4)
  2 worms (D:2)
  2 leopard geckos (D:4)
  9 orcs (D:4)
  A ball python (D:1)
  5 bats
  9 goblins
  3 hobgoblins
  4 jackals (D:1)
  4 kobolds
  5 frilled lizards
  4 rats
64 creatures vanquished.

Vanquished Creatures (others)
  2 gnolls (D:3)
  3 goblins (D:3)
  A hobgoblin (D:3)
6 creatures vanquished.

Grand Total: 70 creatures vanquished

Notes
Turn   | Place    | Note
-------+----------+-------------------------------------------
     0 | D:1      | Flugslaktarn the Deep Dwarf Fighter began the quest for the
                  | Orb.
     0 | D:1      | Reached XP level 1. HP: 20/20 MP: 1/1
    65 | D:1      | Reached XP level 2. HP: 27/27 MP: 2/2
   306 | D:2      | Noticed Terence
   311 | D:2      | Killed Terence
   311 | D:2      | Reached skill level 3 in Axes
   311 | D:2      | Reached XP level 3. HP: 34/34 MP: 3/3
   352 | D:2      | Reached XP level 4. HP: 40/42 MP: 4/4
   426 | D:3      | Noticed Robin
   433 | D:3      | Killed Robin
   447 | D:3      | Found a radiant altar of Vehumet.
   505 | D:4      | Noticed a phantom
   511 | D:4      | Found Adaosh's Gadget Boutique.
   602 | D:4      | Reached XP level 5. HP: 45/50 MP: 5/5
   648 | D:4      | Found Tusicua's Antique Weapon Shop.
   684 | D:4      | Reached skill level 4 in Axes
   697 | D:4      | Found Zaggutun's Gadget Shop.
   782 | D:4      | Killed a phantom
   782 | D:4      | Reached XP level 6. HP: 52/58 MP: 6/6
   795 | D:4      | Found a broken altar of Ashenzari.
   796 | D:4      | Found a shimmering altar of Xom.
   853 | D:4      | Noticed Dowan
   853 | D:4      | Noticed Duvessa
   870 | D:4      | Killed Duvessa
   870 | D:4      | Reached skill level 5 in Axes
   885 | D:4      | Killed from afar by Dowan

Illustrated notes

Levels and vault maps discovered:
D:1:      grunt_arrival_lava_bath, layout_basic, minmay_pentomino_p4
D:2:      layout_loops_cross, lemuel_coloured_pillars_altar, uniq_terence
D:3:      layout_rooms, fiery_altar_vehumet, minitemple,
          chequers_ecumenical_altar_island, minmay_pentomino_pile, uniq_robin
D:4:      layout_loops_ring, nicolae_overflow_hidden_temple, serial_shops,
          nicolae_shop_crystal, shop, shop, shop, serial_bayou_pond_e,
          minmay_misc_feat_rows, uniq_duvessa

Skill      XL: |  1  2  3  4  5  6 |
---------------+-------------------+-----
Fighting       | 3 4 |  4.7
Axes           | 3 4 5 |  5.0
Armour         | 4 |  4.5
Shields        | 4 |  4.6

Action                   |  1- 3 |  4- 6 || total
-------------------------+-------+-------++-------
Melee: War axe           |    78 |   178 ||   256
 Abil: Heal Wounds       |       |     2 ||     2
Armor: Scale mail        |    49 |       ||    49
       Plate armour      |       |   112 ||   112
Dodge: Dodged            |    40 |    29 ||    69
Block: Kite shield       |    55 |    90 ||   145

Table legend: (Time is in decaauts)
 A = Elapsed time spent in this place.
 B = Non-inter-level travel time spent in this place.
 C = Inter-level travel time spent in this place.
 D = Time resting spent in this place.
 E = Time spent auto-exploring this place.
 F = Levels seen in this place.
 G = Mean time per level.
                   A        B        C        D        E       F      G
               +--------+--------+--------+--------+--------+-----+--------+
         Total |    986 |    870 |    116 |      0 |    345 |   4 |  246.5 |
       Dungeon |    986 |    870 |    116 |      0 |    345 |   4 |  246.5 |
               +--------+--------+--------+--------+--------+-----+--------+

Top non-repeatable levels by time:
     D:4: 445 daAuts
     D:1: 225 daAuts
     D:2: 208 daAuts
     D:3: 106 daAuts
